 Dungeon Crawl Stone Soup version 0.29.1-1-gd02db6906a (webtiles) character file.

Game seed: 5054447118822133431

91 Lutefisk the Trooper (level 4, 0/29 HPs)
             Began as a Gargoyle Gladiator on Oct 8, 2022.
             Slain by Pargi (3 damage)
             ... on level 3 of the Dungeon.
             The game lasted 00:06:18 (1321 turns).

Lutefisk the Trooper (Gargoyle Gladiator)           Turns: 1321, Time: 00:06:18

Health: 0/29       AC:  8    Str: 18    XL:     4   Next: 59%
Magic:  4/4        EV: 12    Int:  8    God:
Gold:   76         SH:  0    Dex: 13    Spells: 3/3 levels left

rFire   . . .      SeeInvis .   o - +1 flail (protect)
rCold   + . .      Faith    .   r - orb {*Rage}
rNeg    + . .      Spirit   .   b - +0 leather armour
rPois   ∞          Reflect  .   c - +0 helmet
rElec   +          Harm     .   (no cloak)
rCorr   .          Rampage  .   a - +0 pair of gloves
Will    .....      Rage     20% (no boots)
Stlth   +.........              (no amulet)
HPRegen 0.09/turn               n - ring of protection from cold
MPRegen 0.09/turn               (no ring)

@: no status effects
A: sickness immunity, AC +3, negative energy resistance 1, electricity
resistance, torment resistance 1, petrification resistance
a: no special abilities


You were on level 3 of the Dungeon.
You visited 1 branch of the dungeon, and saw 3 of its levels.

You collected 76 gold pieces.

Inventory:

Hand Weapons
 o - a +1 flail of protection (weapon)
Missiles
 e - a javelin (quivered)
 k - 3 boomerangs
Armour
 a - a +0 pair of gloves (worn)
 b - a +0 leather armour (worn)
 c - a +0 helmet (worn)
 r - an orb of wrath (worn)
Jewellery
 n - a ring of protection from cold (left hand)
Scrolls
 f - a scroll of teleportation {unknown}
 g - a scroll of immolation {unknown}
 i - a scroll of noise {unknown}
 j - 2 scrolls of enchant armour {unknown}
 q - a scroll of summoning {unknown}
 s - a scroll of identify {unknown}
Potions
 h - 3 potions of curing {unknown}
 l - a potion of degeneration {unknown}
 m - a potion of mutation {unknown}
 p - a potion of invisibility {unknown}


   Skills:
 * Level 4.2 Fighting
 - Level 4.0 Maces & Flails
 - Level 1.7 Throwing
 - Level 2.4 Dodging


You had 3 spell levels left.
You didn't know any spells.
Your spell library was empty.

Dungeon Overview and Level Annotations

Branches:
Dungeon (3/15)

Altars:

Annotations:
D:3 Pargi


Innate Abilities, Weirdness & Mutations

You are immune to sickness and miasma.
Your stone body is resilient. (AC +3)
You are immune to poison.
You resist negative energy. (rN+)
You are resistant to electric shocks. (rElec)
You are resistant to unholy torment.
You are immune to petrification.


Message History

Pargi bites you. Pargi claws you but does no damage. Pargi claws you.
You hit Pargi.
Your weapon exudes an aura of protection.
Pargi is lightly wounded.
Pargi bites you but does no damage. Pargi barely misses you.
Pargi claws you but does no damage.
You hit Pargi.
Pargi is lightly wounded.
Pargi bites you. Pargi claws you but does no damage. Pargi misses you.
Pargi bites you but does no damage.
Keep equipping yourself?
Pargi claws you but does no damage. Pargi claws you.
You start putting on your armour.
You continue putting on your orb of wrath.
Pargi closely misses you. Pargi claws you but does no damage.
Pargi barely misses you.
You continue putting on your orb of wrath.
Pargi bites you. Pargi claws you but does no damage. Pargi closely misses you.
You continue putting on your orb of wrath.
Pargi closely misses you. x2; Pargi barely misses you.
You continue putting on your orb of wrath.
Pargi bites you! Pargi misses you. Pargi claws you.
* * * LOW HITPOINT WARNING * * *
You finish putting on your orb of wrath.
Throw: 2 throwing nets
Press: ? - help, Q - select action, (/) - cycle Shift-Dir - straight line, f - Pargi
Aim: Pargi (51% to hit)
You throw a throwing net. The throwing net closely misses Pargi.
Pargi barely misses you. Pargi closely misses you. Pargi barely misses you.
Unknown command.
Throw: throwing net
Press: ? - help, Q - select action, (/) - cycle Shift-Dir - straight line, f/p - Pargi
Aim: Pargi (51% to hit)
You throw a throwing net. The throwing net barely misses Pargi.
Pargi bites you but does no damage. Pargi claws you.
* * * LOW HITPOINT WARNING * * *
Pargi claws you.
* * * LOW HITPOINT WARNING * * *
You closely miss Pargi. Pargi bites you.
You die...

#..(..# #.....#
#....$# .....+
#....# #....#
#.T..# #@#
#.################
#........)........
#################.
#. #. #. #. #.


You could see Pargi.

Vanquished Creatures
  Robin (D:2)
  A gnoll (D:2)
  An adder (D:2)
  2 dart slugs (D:1)
  An orc (D:3)
  3 ball pythons
  5 endoplasms
  3 giant cockroaches
  13 goblins
  8 hobgoblins
  2 kobolds (D:1)
  A quokka (D:2)
  4 bats
  2 frilled lizards
  A rat (D:1)
48 creatures vanquished.

Notes
Turn   | Place    | Note
-------+----------+-------------------------------------------
     0 | D:1      | Lutefisk the Gargoyle Gladiator began the quest for the
                  | Orb.
     0 | D:1      | Reached XP level 1. HP: 12/12 MP: 1/1
    94 | D:1      | Reached XP level 2. HP: 18/18 MP: 2/2
   291 | D:1      | Reached XP level 3. HP: 11/23 MP: 3/3
   464 | D:2      | Noticed Robin
   551 | D:2      | Killed Robin
   552 | D:2      | Reached XP level 4. HP: 25/28 MP: 4/4
   585 | D:2      | HP: 1/29 [gnoll/+1 flail of protection (9)]
  1306 | D:3      | Noticed Pargi
  1321 | D:3      | Slain by Pargi

Illustrated notes

Levels and vault maps discovered:
D:1:      wander_arrival_peaceful_grave, layout_loops_ring
D:2:      wad_river_or_something, layout_loops_corners,
          ebering_ecumenical_altar_abandoned, minivault_19, uniq_robin
D:3:      layout_basic, uniq_pargi

Skill      XL: |  1  2  3  4 |
---------------+-------------+-----
Fighting       | 3 4 |  4.2
Maces & Flails | 4 |  4.0
Throwing       | |  1.7
Dodging        | |  2.4

Action                   |  1- 3 |  4- 6 || total
-------------------------+-------+-------++-------
Melee: Flail             |    86 |    35 ||   121
       Punch             |     2 |     1 ||     3
Throw: Boomerang         |    11 |       ||    11
       Throwing net      |       |     3 ||     3
Armor: Leather armour    |    41 |    23 ||    64
Dodge: Dodged            |    60 |    36 ||    96
